 Dungeon Crawl Stone Soup version 0.19-a0-1168-g98094fc (webtiles) character file.

86053 AlphabetPasta the Covert (level 15, -4/103 HPs)
             Began as a Vampire Warper on Aug 13, 2016.
             Was the Champion of Ashenzari.
             Slain by a yaktaur captain (26 damage)
             ... on level 13 of the Dungeon on Aug 16, 2016.
             The game lasted 04:01:04 (30856 turns).

AlphabetPasta the Covert (Vampire Warper)          Turns: 30856, Time: 04:01:04

Health: -4/103     AC:  9    Str: 10    XL:     15   Next: 39%
Magic:  10/28      EV: 22    Int: 20    God:    Ashenzari [******]
Gold:   2027       SH:  9    Dex: 17    Spells: 8 memorised, 10 levels left

rFire  . . .     SeeInvis +     a - +2 dagger (venom) (curse)
rCold  + + .     Gourm    .     B - +1 robe {MR+} (curse)
rNeg   + + +     Faith    .     H - +3 buckler (curse)
rPois  +         Spirit   .     q - +2 hat
rElec  .         Dismiss  .     V - +1 cloak {MR+} (curse)
rCorr  .         Reflect  .     y - +0 pair of gloves
MR     +++..     Harm     .     z - +0 pair of boots
Stlth  ++++++++.. Clarity  +    (no amulet)
                                Q - ring "Kybio" {EV+3 Int+3} (curse)
                                Z - ring of Epleos {Slay+5 Stlth+} (curse)

@: regenerating slowly, repel missiles
A: fangs 3, see invisible, dopey 1, unbreathing
a: Bat Form, Curse Item, Scrying, Transfer Knowledge, Renounce Religion


You were on level 13 of the Dungeon.
You worshipped Ashenzari.
Ashenzari was exalted by your worship.
You were near bloodless.

You visited 3 branches of the dungeon, and saw 21 of its levels.
You also visited: Ice Cave.

You collected 2513 gold pieces.
You spent 486 gold pieces at shops.

Inventory:

Hand Weapons
 a - a cursed +2 dagger of venom (weapon)
 b - a +5 rapier
Armour
 q - a +2 hat (worn)
 y - a +0 pair of gloves (worn)
 z - a +0 pair of boots (worn)
 B - a cursed +1 robe of magic resistance (worn)
 H - a cursed +3 buckler (worn)
 I - the +2 pair of gloves of the Loofah {*Drain rPois rC+++ Str+6}
   (You bought it in a shop on level 2 of the Orcish Mines)

   It affects your strength (+6).
   It renders you almost immune to cold.
   It protects you from poison.
   It causes draining when unequipped.
 V - a cursed +1 cloak of magic resistance (worn)
Jewellery
 n - an uncursed ring of protection from magic
 o - an uncursed ring of flight
 p - an uncursed ring of ice
 Q - the cursed ring "Kybio" (right hand) {EV+3 Int+3}
   (You found it on level 1 of the Lair of Beasts)

   [ring of evasion]

   It affects your evasion (+3).
   It affects your intelligence (+3).
   It has a curse placed upon it.
 Z - the cursed ring of Epleos (left hand) {Slay+5 Stlth+}
   (You found it on level 6 of the Lair of Beasts)

   [ring of stealth]

   It affects your accuracy and damage with ranged weapons and melee attacks
   (+5).
   It makes you more stealthy.
   It has a curse placed upon it.
Wands
 g - a wand of flame (24/48)
 l - a wand of paralysis (10/24)
 A - a wand of slowing (5/48)
 D - a wand of acid (7/15)
 E - a wand of enslavement (9/24)
 F - a wand of iceblast (3/15)
 M - a wand of flame (32/48)
 R - a wand of iceblast (1/15)
 T - a wand of lightning (9/15)
 W - a wand of paralysis (13/24)
 Y - a wand of acid (4/15)
Scrolls
 d - a scroll of blinking
 e - 2 scrolls of fear
 i - 5 scrolls of remove curse
 j - 4 scrolls of fog
 m - 5 scrolls of teleportation
 r - 2 scrolls of recharging
 t - a scroll of magic mapping
 u - 3 scrolls of amnesia
 w - 3 scrolls of enchant weapon
 G - 3 scrolls of identify
 J - 4 scrolls of enchant armour
Potions
 f - 36 potions of blood
 h - 2 potions of brilliance
 k - a potion of heal wounds
 s - a potion of cancellation
 v - 5 potions of might
 x - 2 potions of cure mutation
 C - a potion of flight
 K - a potion of resistance
 O - 6 potions of curing
 U - a potion of agility
 X - a potion of haste
Books
 c - a book of Spatial Translocations

   Spells                             Type                      Level
   a - Apportation                    Translocation                1
   b - Blink                          Translocation                2
   c - Shroud of Golubria             Charms/Translocation         2
   d - Portal Projectile              Translocation                3
   e - Teleport Other                 Translocation                3
   f - Passage of Golubria            Translocation                4
 L - a book of Death

   Spells                             Type                      Level
   a - Corpse Rot                     Necromancy                   2
   b - Sublimation of Blood           Necromancy                   2
   c - Agony                          Necromancy                   5
   d - Dispel Undead                  Necromancy                   5
   e - Excruciating Wounds            Charms/Necromancy            5
   f - Bolt of Draining               Conjuration/Necromancy       5
Miscellaneous
 P - a phial of floods


   Skills:
 + Level 5.2 Fighting
 + Level 11.9(16.1) Short Blades
 - Level 1.0 Throwing
 - Level 0.8 Armour
 + Level 10.0 Dodging
 + Level 14.2 Stealth
 - Level 3.8(6.6) Shields
 + Level 9.8 Spellcasting
 - Level 10.8(13.6) Hexes
 - Level 1.6(3.7) Charms
 + Level 10.2(13.0) Necromancy
 * Level 11.6(14.3) Translocations
 - Level 4.0(6.8) Evocations


You had 10 spell levels left.
You knew the following spells:

 Your Spells              Type           Power        Failure   Level  Hunger
a - Apportation           Tloc           ######....   1%          1    None
b - Blink                 Tloc           N/A          1%          2    None
c - Shroud of Golubria    Chrm/Tloc      #####.....   1%          2    None
d - Teleport Other        Tloc           ######..     1%          3    None
e - Confuse               Hex            ######..     1%          3    None
f - Dispel Undead         Necr           ######..     1%          5    #####..
g - Repel Missiles        Chrm/Air       ###...       4%          2    None
h - Agony                 Necr           ######..     1%          5    #####..


Dungeon Overview and Level Annotations

Branches:
Dungeon (13/15)            Temple (0/1) D:7            Lair (6/6) D:11
  Swamp (0/4) Lair:4        Snake (0/4) Lair:4        Slime (0/5) Lair:5
    Orc (2/2) D:9             Elf (0/3) Orc:2        Vaults (0/5) D:13

Altars:
Ashenzari
Cheibriados
Elyvilon
Fedhas
Hepliaklqana
Kikubaaqudgha
Nemelex Xobeh
Okawaru
Qazlal
Ru
Trog
Uskayaw
Vehumet
Yredelemnul
Zin
The Shining One
Beogh

Shops:
D:5 !   D:10 *   D:13 %   Orc:2 [*(:

Annotations:
Lair:1 exclusion: ice statue


Innate Abilities, Weirdness & Mutations

You heal slowly.
You have razor-sharp teeth.
You have supernaturally acute eyesight. (SInv)
You can survive without breathing.
You are dopey. (Int -2)


Message History

You hit the yaktaur captain but do no damage.
The yaktaur captain is poisoned.
The yaktaur captain is moderately wounded.
The yaktaur captain hits you!
* * * LOW HITPOINT WARNING * * *
Evoke which item? (* to show all) (? for menu, Esc to quit)
Zapping:
E - a wand of enslavement (will waste charges)
Press: ? - help, Shift-Dir - straight line, f - centaur warrior, p - yaktaur captain
Aim: a centaur warrior (severely wounded, poisoned, chance to defeat MR: 43%)
The centaur warrior resists with some effort.
Evoking this partially-identified wand wasted a few charges.
The meliai hits the green ugly thing but does no damage.
The meliai closely misses you.
The meliai stings the green ugly thing but does no damage.
The centaur warrior hits you.
* * * LOW HITPOINT WARNING * * *
The centaur warrior hits you.
* * * LOW HITPOINT WARNING * * *
The yaktaur captain hits you!!
You die...

,* #.(.# ** #...# *, ,
,***##########...###########
, , ,
#....................... , ,
.., #..........).......#####
, ,, ... #........(.........#
, ....#..................#
,,* *...c........c..........#
*∩......(..c@.((..(.....# ,
*##.........yu..........#####
,, ,
c...........................
,
.#....######################
, ,...... ** ...... *#####*


You could see a yaktaur captain, a green ugly thing (confused), a centaur
warrior and a meliai (confused).

Vanquished Creatures
  Rupert (Lair:4)
  Gastronok (Lair:1)
  2 orc warlords
  Nessos (Lair:4)
  2 ettins
  Snorg (D:12)
  A fire dragon (D:12)
  Josephine (Orc:1)
  Fannar (D:12)
  5 hydras
  2 centaur warriors (D:12)
  Erica (Lair:1)
  5 orc high priests
  Sonja (Lair:1)
  7 hill giants
  4 lindwurms (Lair:4)
  3 unseen horrors
  2 griffons
  4 orc sorcerers
  5 orc knights
  2 hornets (Lair:6)
  A manticore (D:13)
  4 ugly things
  A wolf spider (Lair:6)
  4 cyclopes
  5 elephants (Lair:6)
  An oklob plant (Lair:6)
  A guardian serpent (Lair:6)
  8 black mambas
  2 gargoyles (D:12)
  22 spiny frogs
  A rime drake (Lair:1)
  An efreet (D:13)
  6 komodo dragons
  A yaktaur (D:13)
  9 trolls
  4 ice devils (IceCv)
  4 meliai
  2 queen bees
  A boulder beetle (Lair:5)
  A two-headed ogre (D:13)
  7 slime creatures
  A bog body (Lair:4)
  4 blink frogs (Lair:1)
  Sigmund (D:3)
  A redback (Lair:6)
  A spriggan (D:8)
  A vampire (D:12)
  31 yaks
  13 wyverns
  5 wraiths
  7 hippogriffs
  A steam dragon (Lair:4)
  4 basilisks
  2 vampire mosquitoes (D:13)
  Edmund (D:6)
  3 wargs (Orc:2)
  2 swamp worms (Lair:4)
  22 water moccasins
  10 porcupines
  4 ice beasts
  4 sky beasts
  A meliai simulacrum (D:12)
  A black bear (D:7)
  3 wasps (Lair:6)
  36 orc warriors
  A phantom (D:12)
  10 ogres
  An eye of draining (D:9)
  A necrophage (D:11)
  18 wolves
  2 centaurs
  12 crocodiles
  5 big kobolds
  14 giant frogs
  3 wyvern zombies
  2 wyvern skeletons (D:8)
  9 scorpions
  46 killer bees
  13 wights
  An electric eel (Lair:1)
  3 howler monkeys
  7 crimson imps
  3 centaur zombies
  3 hounds
  4 jellies
  22 orc priests
  4 centaur skeletons
  A giant frog skeleton (D:6)
  Jessica (D:2)
  23 orc wizards
  7 iguanas
  2 hell rats (Lair:5)
  20 worker ants
  34 sheep
  4 hound skeletons
  A worker ant zombie (D:6)
  Robin (D:2)
  4 gnolls (D:6)
  18 adders
  45 river rats
  2 shadow imps
  12 white imps (Lair:3)
  6 oozes
  An adder zombie (D:8)
  2 worms
  2 dart slugs
  2 giant geckos
  94 orcs
  8 giant cockroaches
  11 goblins
  9 hobgoblins
  12 jackals
  34 kobolds
  11 quokkas
  8 bats
  2 giant gecko skeletons (D:4)
  7 giant newts
  2 jackal skeletons
  A quokka skeleton (D:7)
  A quokka zombie (D:4)
  7 rats
  A fungus (Lair:2)
877 creatures vanquished.

Vanquished Creatures (collateral kills)
  2 killer bees (D:13)
  A worker ant (Lair:6)
3 creatures vanquished.

Vanquished Creatures (others)
  A water moccasin (Lair:5)
  A killer bee (D:12)
  18 fungi
  12 plants
32 creatures vanquished.

Grand Total: 912 creatures vanquished

Notes
Turn   | Place    | Note
-------+----------+-------------------------------------------
     0 | D:1      | AlphabetPasta the Vampire Warper began the quest for the Orb.
     0 | D:1      | Reached XP level 1. HP: 16/16 MP: 3/3
    57 | D:1      | Reached skill level 1 in Throwing
   143 | D:1      | Reached XP level 2. HP: 22/22 MP: 5/5
   255 | D:1      | Learned a level 2 spell: Blink
   258 | D:1      | Learned a level 2 spell: Shroud of Golubria
   371 | D:1      | Reached skill level 1 in Stealth
   747 | D:1      | Reached XP level 3. HP: 26/27 MP: 6/6
  1083 | D:2      | Reached skill level 2 in Stealth
  1194 | D:2      | HP: 1/27 [poisoned by an adder]
  1196 | D:2      | Reached skill level 1 in Charms
  1744 | D:2      | Found a blossoming altar of Fedhas.
  1744 | D:2      | Found a sparkling altar of Nemelex Xobeh.
  1748 | D:2      | Found a glowing silver altar of Zin.
  1749 | D:2      | Found an ancient bone altar of Kikubaaqudgha.
  1749 | D:2      | Found a shattered altar of Ashenzari.
  1749 | D:2      | Found a radiant altar of Vehumet.
  1750 | D:2      | Found a snail-covered altar of Cheibriados.
  1766 | D:2      | Became a worshipper of Ashenzari the Shackled
  1808 | D:2      | Noticed Jessica
  2064 | D:2      | Killed Jessica
  2064 | D:2      | Reached XP level 4. HP: 32/33 MP: 7/7
  2143 | D:2      | Noticed Robin
  2196 | D:2      | Killed Robin
  2451 | D:3      | Noticed Sigmund
  3080 | D:3      | Reached XP level 5. HP: 31/39 MP: 8/8
  3108 | D:3      | Found a stormy altar of Qazlal.
  4163 | D:4      | Reached skill level 3 in Stealth
  4255 | D:4      | Learned a level 3 spell: Teleport Other
  4262 | D:4      | Learned a level 3 spell: Teleport Other
  4866 | D:4      | Reached XP level 6. HP: 40/46 MP: 7/10
  5075 | D:4      | Learned a level 3 spell: Confuse
  5254 | D:5      | Entered Level 5 of the Dungeon
  5364 | D:5      | Found Axzudyepn's Distillery.
  5368 | D:5      | Bought a potion of agility for 52 gold pieces
  5547 | D:5      | Reached skill level 1 in Hexes
  5921 | D:5      | Reached XP level 7. HP: 31/51 MP: 8/11
  6115 | D:6      | Found a glowing golden altar of the Shining One.
  6276 | D:6      | Noticed Edmund
  6313 | D:6      | Killed Edmund
  6313 | D:6      | Reached skill level 4 in Stealth
  6992 | D:6      | Reached skill level 5 in Short Blades
  7166 | D:6      | Reached XP level 8. HP: 38/58 MP: 10/13
  7570 | D:6      | Reached skill level 5 in Stealth
  7764 | D:6      | Found an iron altar of Okawaru.
  7770 | D:6      | Got the uncursed cloak of Nacual {rF+}
  7776 | D:6      | Identified the -4 cloak of Nacual {rF+} (You found it on level 6 of the Dungeon)
  7876 | D:7      | Found a staircase to the Ecumenical Temple.
  7957 | D:7      | Reached * piety under Ashenzari
  8117 | D:7      | Reached skill level 1 in Evocations
  8247 | D:7      | Reached skill level 5 in Translocations
  8401 | D:8      | Noticed a hand axe
  8401 | D:8      | Noticed a hand axe
  8403 | D:8      | Found a hide-covered altar of Uskayaw.
  8974 | D:8      | Reached XP level 9. HP: 64/64 MP: 12/15
  9136 | D:8      | Found a sacrificial altar of Ru.
  9315 | D:9      | Reached skill level 6 in Stealth
  9315 | D:9      | Reached skill level 1 in Shields
  9665 | D:9      | Found a basalt altar of Yredelemnul.
  9675 | D:9      | Upgraded the game from 0.19-a0-1159-gbb7de16 to 0.19-a0-1168-g98094fc
  9693 | D:9      | Found a roughly hewn altar of Beogh.
  9693 | D:9      | Found a staircase to the Orcish Mines.
 10087 | D:9      | Reached skill level 5 in Hexes
 10387 | D:9      | Reached skill level 5 in Spellcasting
 10458 | D:9      | Noticed a troll
 10464 | D:9      | Killed a troll
 10701 | D:9      | Got the hand axe of Prudence {drain, rPois Dex+5}
 10833 | D:9      | Reached skill level 7 in Stealth
 10833 | D:9      | Reached XP level 10. HP: 61/70 MP: 10/17
 10950 | D:9      | Found a white marble altar of Elyvilon.
 11082 | D:9      | Reached ** piety under Ashenzari
 11268 | D:9      | Found a hazy altar of Hepliaklqana.
 11268 | D:9      | Found a bloodstained altar of Trog.
 11645 | D:3      | Killed Sigmund
 11917 | D:10     | Entered Level 10 of the Dungeon
 12074 | D:10     | Identified a scroll of acquirement
 12207 | D:10     | Noticed a hill giant
 12210 | D:10     | Killed a hill giant
 12211 | D:10     | Noticed a hill giant
 12223 | D:10     | Killed a hill giant
 12223 | D:10     | Reached skill level 5 in Dodging
 12223 | D:10     | Reached skill level 8 in Stealth
 12296 | D:10     | Found Nimareg's General Store.
 12548 | D:11     | Noticed a brown ugly thing
 12624 | D:11     | Killed a brown ugly thing
 13015 | D:11     | Noticed an unseen horror
 13016 | D:11     | Reached XP level 11. HP: 74/75 MP: 13/20
 13052 | D:11     | Killed an unseen horror
 13074 | D:11     | Reached skill level 9 in Stealth
 13455 | D:11     | Noticed an unseen horror
 13473 | D:11     | Noticed a white ugly thing
 13478 | D:11     | Noticed a hill giant
 13481 | D:11     | Killed an unseen horror
 13515 | D:11     | Killed a hill giant
 13520 | D:11     | Killed a white ugly thing
 13939 | D:11     | Learned a level 5 spell: Dispel Undead
 14012 | D:11     | Noticed a green ugly thing
 14027 | D:11     | Killed a green ugly thing
 14039 | D:11     | Reached *** piety under Ashenzari
 14141 | D:11     | Reached skill level 1 in Necromancy
 14148 | D:11     | Found a staircase to the Lair.
 14170 | D:11     | Noticed a hill giant
 14186 | D:11     | Killed a hill giant
 14524 | D:12     | Noticed an unseen horror
 14536 | D:12     | Killed an unseen horror
 14591 | D:12     | Noticed a centaur warrior
 14609 | D:12     | Killed a centaur warrior
 14686 | D:12     | Reached skill level 10 in Stealth
 14935 | D:12     | Reached XP level 12. HP: 63/81 MP: 3/22
 15055 | D:12     | Noticed Fannar
 15063 | D:12     | Killed Fannar
 15097 | D:12     | Noticed Snorg
 15487 | D:12     | Reached skill level 5 in Necromancy
 15598 | D:12     | Killed Snorg
 16084 | D:12     | Noticed a fire dragon
 16138 | D:12     | Noticed a centaur warrior
 16447 | D:12     | Killed a centaur warrior
 16618 | D:12     | Noticed an ettin
 16677 | D:12     | Killed a fire dragon
 16677 | D:12     | Reached skill level 11 in Stealth
 16733 | D:12     | Killed an ettin
 17055 | Lair:1   | Entered Level 1 of the Lair of Beasts
 17055 | Lair:1   | Identified the +3 ring mail of the Lotus Blossom {+Fly rPois rF- rC+}
 17214 | Lair:1   | Noticed Erica
 17266 | Lair:1   | Killed Erica
 17417 | Lair:1   | Reached **** piety under Ashenzari
 17581 | Lair:1   | Noticed Sonja
 17585 | Lair:1   | Killed Sonja
 17585 | Lair:1   | Reached XP level 13. HP: 86/86 MP: 20/24
 17588 | Lair:1   | Identified the ring "Kybio" {EV+3 Int+3}
 17588 | Lair:1   | Noticed Gastronok
 17615 | Lair:1   | Killed Gastronok
 18098 | Lair:2   | Learned a level 2 spell: Repel Missiles
 18172 | Lair:2   | Reached skill level 10 in Short Blades
 18630 | Lair:2   | Reached skill level 12 in Stealth
 19376 | Lair:3   | Found a frozen archway.
 19580 | IceCv    | Entered an ice cave
 20654 | Lair:3   | Reached ***** piety under Ashenzari
 21138 | Lair:3   | Reached skill level 10 in Translocations
 21433 | Lair:4   | Found a staircase to the Snake Pit.
 22174 | Lair:4   | Found a staircase to the Swamp.
 22394 | Lair:4   | Noticed Nessos
 22394 | Lair:4   | Noticed Rupert
 22427 | Lair:4   | Reached skill level 10 in Hexes
 22453 | Lair:4   | Learned a level 5 spell: Agony
 22495 | Lair:4   | Killed Nessos
 22568 | Lair:4   | Killed Rupert
 22891 | Lair:4   | Reached XP level 14. HP: 93/93 MP: 13/26
 22982 | Lair:5   | Found a staircase to the Slime Pits.
 24017 | Lair:6   | Entered Level 6 of the Lair of Beasts
 24125 | Lair:6   | Reached skill level 13 in Stealth
 25298 | Lair:6   | Identified the ring of Epleos {Slay+5 Stlth+}
 26542 | Orc:1    | Entered Level 1 of the Orcish Mines
 26543 | Orc:1    | Noticed an orc warlord
 26724 | D:9      | Killed an orc warlord
 26955 | Orc:2    | Entered Level 2 of the Orcish Mines
 26957 | Orc:2    | Found Qint's Antique Weapon Shop.
 27298 | Orc:2    | Noticed an orc warlord
 27632 | Orc:1    | Killed an orc warlord
 27712 | Orc:2    | Found Zutas's Book Shop.
 27772 | Orc:2    | Reached XP level 15. HP: 88/101 MP: 11/28
 28050 | Orc:1    | Reached ****** piety under Ashenzari
 28161 | Orc:2    | Found Pybauj's General Store.
 28200 | Orc:2    | Noticed Josephine
 28249 | Orc:1    | Killed Josephine
 28249 | Orc:1    | Reached skill level 14 in Stealth
 28490 | Orc:2    | Bought a potion of resistance for 140 gold pieces
 28557 | Orc:2    | Gained mutation: You are dopey. (Int -2) [a neqoxec]
 28810 | Orc:2    | Found a staircase to the Elven Halls.
 29109 | Orc:2    | Found Toanou's Antique Armour Shoppe.
 29186 | Orc:2    | Bought a pair of blackened gloves for 294 gold pieces
 29263 | Orc:2    | Reached skill level 5 in Fighting
 29263 | Orc:2    | Reached skill level 10 in Necromancy
 29782 | D:13     | Reached skill level 10 in Dodging
 30049 | D:13     | Found Lagonel's Food Shoppe.
 30734 | D:13     | Found a gate to the Vaults.
 30856 | D:13     | Slain by a yaktaur captain

Vault maps used:
D:1:      dpeg_arrival_tiny_d, kennysheep_flooded_box, serial_park_tiny_2,
          hangedman_decor_lopped
D:2:      grunt_temple_overflow_open, first_bread, uniq_robin, uniq_jessica
D:3:      grunt_qazlal_sundering, uniq_sigmund
D:4:      minmay_cupped
D:5:      serial_shops, nicolae_shop_trees
D:6:      nicolae_tso_carved_into_rock, lemuel_round_altar, uniq_edmund
D:8:      kennysheep_mini_moat, dancing_weapons_uskayaw, the_bakery
D:9:      kennysheep_ying_yang, gammafunk_temple_overflow_statue, david_orc_5,
          minmay_misc_feat_pillars, minmay_misc_feat_enclosed, evilmike_butchery
D:10:     serial_shops, nicolae_shop_window_shopping
D:11:     lair_0_dummy
D:12:     regret_index_wax_grids, uniq_snorg, uniq_fannar
D:13:     david_vaults_2, special_room, serial_shops, nicolae_shop_stone
Lair:1:   statuecave_lemuel, lemuel_fruit_tree, uniq_sonja, uniq_erica,
          uniq_gastronok
Lair:2:   st_stairs_5, grunt_megastairs_4, infiniplex_staircase_pool
Lair:3:   portal_ice_cave_entry_imps
Lair:4:   minmay_swamp_entry_worms, dummy_snake_entry, minmay_lindwurm_lava,
          uniq_nessos, uniq_rupert
Lair:5:   kennysheep_rathole, nicolae_slime_entry_slimehenge
Lair:6:   hangedman_lair_tendril_chambers
Orc:2:    grunt_orc_gardens, grunt_orc_garden, grunt_orc_garden,
          grunt_orc_garden, grunt_orc_garden, uniq_josephine
IceCv:    ice_cave_tombish

Skill      XL: |  1  2  3  4  5  6  7  8  9 10 11 12 13 14 15 |
---------------+----------------------------------------------+-----
Throwing       | 1 |  1.0
Stealth        | 1 2 3 4 5 7 8 10 11 12 13 14 | 14.2
Fighting       | 2 3 4 5 |  5.2
Charms         | 1 |  1.6
Short Blades   | 3 4 5 6 7 8 9 10 11 | 11.9
Translocations | 3 4 5 6 7 8 9 10 11 | 11.6
Spellcasting   | 3 4 5 6 7 8 9 |  9.8
Dodging        | 3 4 5 6 7 8 9 10 | 10.0
Hexes          | 1 2 4 5 7 9 10 | 10.8
Evocations     | 1 2 3 4 |  4.0
Shields        | 3 |  3.8
Necromancy     | 4 7 8 9 10 | 10.2
Armour         | |  0.8

Action                   |  1- 3 |  4- 6 |  7- 9 | 10-12 | 13-15 || total
-------------------------+-------+-------+-------+-------+-------++-------
Melee: Short sword       |   125 |   144 |       |       |       ||   269
       Bite              |     9 |    20 |    52 |   100 |   174 ||   355
       Rapier            |       |   163 |   360 |     8 |    26 ||   557
       Dagger            |       |     1 |   202 |   961 |  1458 ||  2622
 Cast: Shroud of Golubri |     2 |    28 |    48 |    21 |    29 ||   128
       Confuse           |       |       |    41 |   171 |   362 ||   574
       Blink             |       |       |     1 |     4 |    10 ||    15
       Repel Missiles    |       |       |       |       |     5 ||     5
       Apportation       |       |       |       |       |     2 ||     2
       Teleport Other    |       |       |       |       |     2 ||     2
       Agony             |       |       |       |       |    11 ||    11
       Dispel Undead     |       |       |       |       |     9 ||     9
Invok: Curse Item        |       |       |     2 |     2 |     3 ||     7
       Scrying           |       |       |       |       |     1 ||     1
 Abil: End Transformatio |       |     2 |     1 |     2 |     1 ||     6
       Bat Form          |       |     2 |     1 |     2 |     1 ||     6
Evoke: Wand              |       |       |       |    12 |    16 ||    28
  Use: Potion            |     4 |     8 |     9 |    11 |    13 ||    45
       Scroll            |       |    11 |     8 |     6 |    18 ||    43
 Stab: Sleeping          |     3 |     6 |    13 |    33 |    67 ||   122
       Distracted        |     1 |       |     3 |     2 |    10 ||    16
       Invisible         |       |     5 |       |       |       ||     5
       Confused          |       |       |    15 |    90 |   188 ||   293
       Paralysed         |       |       |       |     2 |     1 ||     3
Armor: Leather armour    |     7 |       |       |       |       ||     7
       Robe              |     7 |    60 |    92 |    74 |    86 ||   319
Dodge: Dodged            |    73 |   195 |   256 |   320 |   681 ||  1525
       Deflected         |       |       |       |       |     9 ||     9
Block: Buckler           |       |       |    46 |   193 |   426 ||   665
